 Dungeon Crawl Stone Soup version 0.28-a0-631-g0446da8ef9 (webtiles) character file.

Game seed: 10321761950862488137

284 kipponium the Changer (level 6, -5/47 HPs)
             Began as a Draconian Transmuter on Oct 9, 2021.
             Was a Follower of Yredelemnul.
             Killed by nerve-wracking pain
             ... invoked by a shadow imp
              (11 damage)
             ... on level 3 of the Dungeon.
             The game lasted 00:12:23 (3111 turns).

kipponium the Changer (Draconian Transmuter)        Turns: 3111, Time: 00:12:25

Health: -5/47      AC:  2    Str: 14    XL:     6   Next: 7%
Magic:  0/9        EV: 19    Int: 14    God:    Yredelemnul [*.....]
Gold:   109        SH:  0    Dex: 16    Spells: 3/9 levels left

rFire   . . .      SeeInvis .     - Unarmed
rCold   + . .      Faith    .   (shield currently unavailable)
rNeg    . . .      Spirit   +   (armour unavailable)
rPois   x          Reflect  .   (helmet currently unavailable)
rElec   .          Harm     .   (cloak currently unavailable)
rCorr   .          Rampage  .   (gloves currently unavailable)
Will    .....                   (boots currently unavailable)
Stlth   +.........              i - amulet of guardian spirit
HPRegen 0.15/turn               d - ring of protection from cold
MPRegen 0.11/turn               (no ring)

@: spider-form (expiring)
A: venomous fangs, AC +6, tiny, unfitting armour, (cold-blooded)
a: End Transformation, Renounce Religion, Animate Remains


You were on level 3 of the Dungeon.
You worshipped Yredelemnul.
Yredelemnul was aware of your devotion.
You were a venomous arachnid creature.
You visited 1 branch of the dungeon, and saw 3 of its levels.

You collected 109 gold pieces.

Inventory:

Hand Weapons
 a - a +2 dagger of distortion
Jewellery
 d - a ring of protection from cold (left front leg)
 i - an amulet of guardian spirit (around neck)
Wands
 j - a wand of acid (7)
Scrolls
 b - 3 scrolls of identify {unknown}
 h - 3 scrolls of teleportation {unknown}
Potions
 c - a potion of mutation {unknown}
 e - a potion of heal wounds
 f - a potion of lignification {unknown}
 g - a potion of flight {unknown}


   Skills:
 + Level 1.3 Fighting
 - Level 0.1(0.2) Short Blades
 - Level 0.1(0.2) Long Blades
 - Level 0.1(0.2) Axes
 - Level 0.1(0.2) Maces & Flails
 - Level 0.1(0.2) Polearms
 - Level 0.1(0.2) Staves
 - Level 0.1 Slings
 - Level 0.1 Bows
 - Level 0.1 Crossbows
 - Level 0.1 Throwing
 - Level 1.7 Dodging
 - Level 0.1 Shields
 + Level 3.6 Unarmed Combat
 - Level 2.0 Spellcasting
 - Level 0.1 Conjurations
 - Level 0.9 Hexes
 - Level 0.1 Summonings
 - Level 0.3 Necromancy
 - Level 0.1 Translocations
 - Level 5.0 Transmutations
 - Level 0.1 Fire Magic
 + Level 0.1 Ice Magic
 - Level 0.1 Air Magic
 - Level 0.1 Earth Magic
 * Level 1.3 Poison Magic
 - Level 0.1 Evocations


You had 3 spell levels left.
You knew the following spells:

 Your Spells              Type           Power      Damage    Failure   Level
a - Beastly Appendage     Tmut           30%        N/A       11%         1
b - Wereblood             Tmut           15%        N/A       14%         2
c - Spider Form           Tmut/Pois      5%         N/A       38%         3

Your spell library contained the following spells:

 Spells                   Type           Power      Damage    Failure   Level
 Ice Form                 Ice/Tmut       8%         N/A       82%         4


Dungeon Overview and Level Annotations

Branches:
Dungeon (3/15)

Altars:
Yredelemnul

Annotations:
D:3 1 transporter


Innate Abilities, Weirdness & Mutations

You are a venomous arachnid creature.
You have poisonous fangs.
You are tiny and dextrous.
Your spellcasting is less reliable in this form.
Your armour is entirely melded.
You are incapable of wielding weapons or throwing items.
((Your plain brown scales are hard. (AC +6)))
You cannot fit into any form of body armour.
((You are cold-blooded and may be slowed by cold attacks.))


Message History

The shadow imp disappears for a moment.
HP restored.
Casting: Spider Form (dangerous; 19% risk of failure)
Confirm with . or Enter, or press ? or * to list all spells.
You turn into a venomous arachnid creature.
You open the door.
The shadow imp picks up a beetle and eats it.
The orc priest calls down the wrath of Beogh upon you.
Beogh smites you!
There is an open door here.
The shadow imp laughs crazily.
The shadow imp gestures at you. Pain shoots through your body!
Why would you want to do that?
Your transformation is almost over.
Your adder zombie bites the plant.
The plant begins to die.
You enter the shallow water.
Moving in this stuff is going to be slow.
Your adder zombie bites the plant. x2
The shadow imp gestures at you.
You barely resist.
The orc priest calls down the wrath of Beogh upon you.
Pain shoots through your body!
Your adder zombie bites the plant.
The shadow imp puffs mist at you.
Your adder zombie bites the plant.
You can no longer recall your undead slaves.
You can no longer mirror injuries on your foes.
A nearby plant withers and dies.
The orc priest mumbles some strange prayers to Beogh against you.
Pain shoots through your body!
The orc priest begins to cast a cantrip, but forgets the words!
The orc priest looks braver for a moment.
The shadow imp gestures at you. Pain shoots through your body!
* * * LOW HITPOINT WARNING * * *
The shadow imp gestures at you. Pain shoots through your body!
You die...
Your body rises from the dead as a mindless zombie.

#.#Z.....P#....#.......
#.####'####....#.......
#.#.≈...≈.#....#.......
#.#.≈...≈.#............
#.#5≈≈P≈≈.#.#.#......#.
#Z#5≈Z♣P≈.#.#.#.####Z#.
#.#o≈≈≈≈≈.#........#.#.
#.#.≈...≈5#.....#.#.<#.
#.#.≈.s.≈.#..........#.
#.####+####..........#.
#.#≈..?..≈#..........#.
#.#8P$©$P8#..........#.
.#####.#########.#.....#..#.
............©.....#...... ..
.......####...#####.....#
....... ##.## .....# .......
#.###### .....


You could see an orc priest, 3 shadow imps, a friendly frilled lizard zombie and
a friendly jackal zombie.

Vanquished Creatures
  Sigmund (D:2)
  4 gnolls (D:2)
  5 adders
  A worm (D:3)
  9 bats
  2 endoplasms
  3 giant cockroaches
  3 goblins
  3 hobgoblins
  4 jackals (D:3)
  3 ball pythons
  2 frilled lizards
  3 kobolds (D:1)
  2 rats (D:1)
45 creatures vanquished.

Vanquished Creatures (others)
  A hobgoblin zombie (D:2)
  A plant (D:3)
2 creatures vanquished.

Grand Total: 47 creatures vanquished

Notes
Turn   | Place    | Note
-------+----------+-------------------------------------------
     0 | D:1      | kipponium the Draconian Transmuter began the quest for the
                  | Orb.
     0 | D:1      | Reached XP level 1. HP: 16/16 MP: 3/3
   639 | D:1      | Reached XP level 2. HP: 23/23 MP: 3/5
   643 | D:1      | Learned a level 2 spell: Wereblood
   809 | D:1      | You fall into a shaft and drop 1 floor!
  1026 | D:1      | Reached skill level 3 in Transmutations
  1069 | D:1      | Found a faded altar of an unknown god.
  1096 | D:1      | Became a worshipper of Yredelemnul the Dark
  1096 | D:1      | Reached * piety under Yredelemnul
  1400 | D:2      | Reached XP level 3. HP: 28/28 MP: 4/6
  1594 | D:2      | Noticed Sigmund
  1620 | D:2      | Killed Sigmund
  1621 | D:2      | Reached skill level 5 in Transmutations
  1621 | D:2      | Reached XP level 4. HP: 19/35 MP: 5/7
  1621 | D:2      | Reached XP level 5. HP: 22/40 MP: 5/8
  1761 | D:2      | Learned a level 3 spell: Spider Form
  2331 | D:2      | Reached skill level 1 in Poison Magic
  2773 | D:3      | Reached XP level 6. HP: 46/47 MP: 7/9
  2832 | D:3      | Reached ** piety under Yredelemnul
  2934 | D:3      | Found a transporter.
  2961 | D:3      | Found a transporter.
  3111 | D:3      | Killed from afar by a shadow imp

Illustrated notes

Levels and vault maps discovered:
D:1:      minmay_arrival_shoal_huts, layout_basic,
          ebering_ecumenical_altar_hall, chequers_serial_rivers_marsh
D:2:      layout_basic, uniq_sigmund
D:3:      gammafunk_wand_slinger, layout_basic,
          nicolae_qazlal_scattered_showers, interstate_on_off,
          lemuel_old_faithful, uniq_jessica

Skill      XL: |  1  2  3  4  5 |
---------------+----------------+-----
Transmutations | 3 5 |  5.0
Poison Magic   | 1 |  1.3
Fighting       | |  1.3
Short Blades   | |  0.1
Long Blades    | |  0.1
Axes           | |  0.1
Maces & Flails | |  0.1
Polearms       | |  0.1
Staves         | |  0.1
Slings         | |  0.1
Bows           | |  0.1
Crossbows      | |  0.1
Throwing       | |  0.1
Dodging        | |  1.7
Shields        | |  0.1
Unarmed Combat | |  3.6
Spellcasting   | |  2.0
Conjurations   | |  0.1
Hexes          | |  0.9
Summonings     | |  0.1
Necromancy     | |  0.3
Translocations | |  0.1
Fire Magic     | |  0.1
Ice Magic      | |  0.1
Air Magic      | |  0.1
Earth Magic    | |  0.1
Evocations     | |  0.1

Action                   |  1- 3 |  4- 6 || total
-------------------------+-------+-------++-------
Melee: Unarmed           |    74 |    64 ||   138
       Kick              |    14 |     6 ||    20
       Tailslap          |     5 |     6 ||    11
       Headbutt          |     4 |     7 ||    11
       Punch             |     1 |       ||     1
 Cast: Beastly Appendage |    25 |    13 ||    38
       Wereblood         |     1 |     2 ||     3
       Spider Form       |       |     2 ||     2
Invok: Animate Remains   |     2 |     4 ||     6
  Use: Potion            |     1 |       ||     1
Armor: Skin              |    20 |    16 ||    36
Dodge: Dodged            |    61 |    33 ||    94

Table legend: (Time is in decaauts)
 A = Elapsed time spent in this place.
 B = Non-inter-level travel time spent in this place.
 C = Inter-level travel time spent in this place.
 D = Time resting spent in this place.
 E = Time spent auto-exploring this place.
 F = Levels seen in this place.
 G = Mean time per level.
                   A        B        C        D        E       F      G
               +--------+--------+--------+--------+--------+-----+--------+
         Total |   3110 |   3001 |    109 |   1072 |   1341 |   3 | 1036.7 |
       Dungeon |   3110 |   3001 |    109 |   1072 |   1341 |   3 | 1036.7 |
               +--------+--------+--------+--------+--------+-----+--------+

Top non-repeatable levels by time:
     D:1: 1506 daAuts
     D:2: 1167 daAuts
     D:3: 436 daAuts
